 Dungeon Crawl Stone Soup version 0.19-a0-854-gc78d25d (webtiles) character file.

3341 Implojin the Grappler (level 9, -6/89 HPs)
             Began as a Troll Fighter on July 2, 2016.
             Was an Initiate of Cheibriados.
             Mangled by an iguana (12 damage)
             ... on level 9 of the Dungeon.
             The game lasted 00:10:48 (2055 turns).

Implojin the Grappler (Troll Fighter)               Turns: 2055, Time: 00:10:49

Health: -6/89      AC:  5    Str: 27    XL:     9   Next: 72%
Magic:  8/8        EV: 14    Int:  5    God:    Cheibriados [......]
Gold:   1          SH:  9    Dex: 18    Spells: 0 memorised, 8 levels left

rFire  . . .     SeeInvis .       - Unarmed
rCold  . . .     Gourm    +     a - +0 robe
rNeg   . . .     Faith    .     b - +0 shield
rPois  .         Spirit   .     (helmet restricted)
rElec  .         Dismiss  .     (no cloak)
rCorr  .         Reflect  .     (gloves unavailable)
SustAt .         Harm     .     (boots unavailable)
MR     .....                    (no amulet)
Stlth  +++.......               (no ring)
                                c - ring of flight

@: agile, very slow, not resistant to hostile enchantments, fairly stealthy
A: unfitting armour, claws 3, fast metabolism 3, gourmand, regeneration 2,
shaggy fur 1, tough skin 2
a: Bend Time, Renounce Religion, Evoke Flight


You were on level 9 of the Dungeon.
You worshipped Cheibriados.
Cheibriados was noncommittal.
You were not hungry.

You visited 2 branches of the dungeon, and saw 11 of its levels.

You collected 1 gold pieces.

Inventory:

Armour
 a - a +0 robe (worn)
 b - a +0 shield (worn)
Jewellery
 c - a ring of flight (left claw)
 m - an uncursed ring of protection from cold {unknown}
Wands
 i - a wand of flame (25/48)
 n - a wand of slowing (4/48)
 p - a wand of slowing (25/48)
 r - a wand of paralysis (9/24)
Scrolls
 l - a scroll of teleportation
 o - 3 scrolls of remove curse
Potions
 e - a potion of cancellation {unknown}
 f - 3 potions of curing
 j - a potion of lignification {unknown}
 k - 4 potions of heal wounds {unknown}
 q - a potion of haste
Comestibles
 d - 10 bread rations
 g - a meat ration
 s - a slice of pizza


   Skills:
 * Level 6.0 Fighting
 - Level 2.4 Dodging
 - Level 2.4 Shields
 - Level 12.0 Unarmed Combat


You had 8 spell levels left.
You didn't know any spells.

Dungeon Overview and Level Annotations

Branches:
Dungeon (10/15)            Temple (1/1) D:5
   Lair: D:8-11         Orc: D:9-12

Altars:
Ashenzari
Cheibriados
Dithmenos
Elyvilon
Fedhas
Gozag
Kikubaaqudgha
Makhleb
Nemelex Xobeh
Qazlal
Ru
Sif Muna
Trog
Uskayaw
Vehumet
Xom
Zin
The Shining One

Shops:
D:6 :   D:7 *

Annotations:
D:3 Grinder, Natasha


Innate Abilities, Weirdness & Mutations

You are too large for most types of armour.
You have claws for hands.
Your metabolism is lightning-fast.
You like to eat raw meat.
You heal very quickly.
You are covered in fur. (AC +1)
You have very tough skin. (AC +2)


Message History

Cheibriados appreciates the change of pace.
You claw the quokka skeleton!
You destroy the quokka skeleton!
Cheibriados appreciates the change of pace.
The iguana hisses menacingly.
You completely miss the yak. You claw the yak!
The yak is moderately wounded.
You block the yak's attack.
You scratch the yak.
The yak is heavily wounded.
The yak gores you!
* * * LOW HITPOINT WARNING * * *
You completely miss the yak.
The yak is heavily wounded.
The yak gores you but does no damage.
Your shield prevents you from hitting the yak.
The yak is heavily wounded.
The yak gores you.
* * * LOW HITPOINT WARNING * * *
Okay, then.
You mangle the yak!!
The yak is almost dead.
The yak gores you!
* * * LOW HITPOINT WARNING * * *
You completely miss the yak.
The yak is almost dead.
The yak closely misses you.
You claw the yak!
You kill the yak!
Cheibriados appreciates the change of pace.
Your Fighting skill increases to level 6!
You closely miss the iguana. The iguana barely misses you.
You scratch the iguana but do no damage.
The iguana hisses menacingly.
The iguana closely misses you.
You closely miss the iguana. The iguana misses you.
You scratch the iguana but do no damage.
You barely miss the iguana. The iguana bites you!
You die...

#.####.####.##.#
# #.# #.#
##.####.##.#
#..........#
#.#####.##.# #.#
... #.# ...
#.###.####.....
#>.....@l...#
#####.####..#
#.# # #.# #.#
... ### ## # #
#o .#


You could see an iguana.

Vanquished Creatures
  A gargoyle (D:10)
  8 yaks
  A hippogriff (D:10)
  2 hungry ghosts
  A water moccasin (D:8)
  A sky beast (D:3)
  An ogre (D:9)
  2 centaurs (D:6)
  3 giant frogs
  2 water moccasin skeletons (D:7)
  3 howler monkeys (D:7)
  4 crimson imps
  2 giant frog zombies
  An orc priest (D:6)
  3 hounds
  2 giant frog skeletons
  An iguana (D:5)
  2 orc wizards
  3 worker ants
  A worker ant zombie (D:9)
  2 gnolls (D:8)
  7 adders
  A shadow imp (D:5)
  2 adder skeletons
  3 worms
  2 dart slugs
  A giant gecko (D:2)
  6 orcs
  A giant cockroach (D:3)
  2 goblins
  4 jackals (D:2)
  4 quokkas
  A ball python (D:3)
  3 giant newts
  3 kobolds
  A quokka skeleton (D:9)
  2 rats (D:2)
89 creatures vanquished.

Notes
Turn   | Place    | Note
-------+----------+-------------------------------------------
     0 | D:1      | Implojin the Troll Fighter began the quest for the Orb.
     0 | D:1      | Reached XP level 1. HP: 22/22 MP: 0/0
   102 | D:2      | Reached XP level 2. HP: 21/29 MP: 1/1
   105 | D:2      | Reached skill level 3 in Unarmed Combat
   117 | D:2      | Reached XP level 3. HP: 22/36 MP: 2/2
   168 | D:2      | Reached skill level 4 in Unarmed Combat
   288 | D:3      | Reached XP level 4. HP: 44/44 MP: 3/3
   304 | D:3      | Noticed Grinder
   310 | D:3      | Paralysed by Grinder for 4 turns
   365 | D:3      | Noticed Natasha
   384 | D:5      | Entered Level 5 of the Dungeon
   415 | D:5      | Reached skill level 5 in Unarmed Combat
   442 | D:5      | Reached XP level 5. HP: 24/50 MP: 4/4
   501 | D:6      | Noticed a centaur
   503 | D:6      | Killed a centaur
   503 | D:6      | Reached skill level 6 in Unarmed Combat
   520 | D:6      | Reached XP level 6. HP: 50/59 MP: 5/5
   549 | D:6      | Found Xunt's Book Emporium.
   686 | D:3      | Noticed a sky beast
   693 | D:3      | Killed a sky beast
   693 | D:3      | Reached skill level 7 in Unarmed Combat
   774 | D:4      | Reached XP level 7. HP: 53/66 MP: 6/6
  1014 | D:5      | Found a deep blue altar of Sif Muna.
  1014 | D:5      | Found a shadowy altar of Dithmenos.
  1071 | D:6      | Reached skill level 8 in Unarmed Combat
  1233 | D:5      | Found a staircase to the Ecumenical Temple.
  1241 | Temple   | Entered the Ecumenical Temple
  1404 | D:5      | Found a sacrificial altar of Ru.
  1488 | D:7      | Found Cuera's General Store.
  1494 | D:7      | Reached skill level 9 in Unarmed Combat
  1549 | D:7      | Noticed a hungry ghost
  1563 | D:7      | Killed a hungry ghost
  1563 | D:7      | Reached XP level 8. HP: 42/74 MP: 7/7
  1613 | D:7      | Reached skill level 10 in Unarmed Combat
  1642 | D:7      | Found a blossoming altar of Fedhas.
  1681 | D:7      | Reached skill level 11 in Unarmed Combat
  1729 | D:7      | You fall through a shaft for 3 floors!
  1729 | D:10     | Entered Level 10 of the Dungeon
  1733 | D:10     | Noticed a gargoyle
  1742 | D:10     | Killed a gargoyle
  1742 | D:10     | Reached XP level 9. HP: 40/80 MP: 8/8
  1855 | D:8      | Reached skill level 12 in Unarmed Combat
  1922 | D:8      | Found a snail-covered altar of Cheibriados.
  1937 | D:8      | Became a worshipper of Cheibriados the Contemplative
  1991 | D:9      | Reached skill level 3 in Fighting
  2023 | D:9      | Reached skill level 4 in Fighting
  2032 | D:9      | Reached skill level 5 in Fighting
  2048 | D:9      | HP: 2/89 [yak (9)]
  2050 | D:9      | Reached skill level 6 in Fighting
  2055 | D:9      | Mangled by an iguana

Vault maps used:
D:1:      sevenhm_arrival_forest_fort_small_4, hangedman_glass_teeth
D:2:      first_bread, kennysheep_generic_room_7
D:3:      lemuel_coloured_pillars_altar, kennysheep_orc_chapel, uniq_natasha,
          uniq_grinder
D:5:      kennysheep_mini, overflow_temple_1_default,
          gammafunk_temple_overflow_elements, gup_sewer_entry_spiral,
          minmay_liquid_box, st_stairs_3, uniq_blork_the_orc
D:6:      serial_shops, shop_fountains, grunt_decor_mini_mirrors
D:7:      fedhas_altar_1, serial_shops, nicolae_shop_competitors_out_of_business
D:8:      cheibriados_altar_wand_db, lemuel_crystal_altar,
          johnstein_pakellas_dig, uniq_erolcha
D:9:      wad_statue_garden, lair_0_dummy
D:10:     grunt_livestock, uniq_psyche
Temple:   cyrus_circular_temple

Skill      XL: |  1  2  3  4  5  6  7  8  9 |
---------------+----------------------------+-----
Unarmed Combat | 3 4 5 6 7 9 11 12 | 12.0
Fighting       | 6 |  6.0
Dodging        | |  2.4
Shields        | |  2.4

Action                   |  1- 3 |  4- 6 |  7- 9 || total
-------------------------+-------+-------+-------++-------
Melee: Unarmed           |    58 |    80 |   187 ||   325
  Use: Potion            |     2 |       |     5 ||     7
       Scroll            |       |       |     5 ||     5
 Stab: Sleeping          |     2 |     1 |       ||     3
  Eat: Chunk             |     4 |     4 |    13 ||    21
       Meat ration       |       |       |     1 ||     1
Armor: Robe              |    22 |    21 |    39 ||    82
Dodge: Dodged            |    18 |    24 |    64 ||   106
Block: Shield            |    39 |    33 |    61 ||   133

Table legend:
 A = Turns spent in this place as a percentage of turns spent in the entire game.
 B = Non-inter-level travel turns spent in this place as a percentage of non-inter-level travel turns spent in the entire game.
 C = Inter-level travel turns spent in this place as a percentage of turns spent in this place.
 D = Turns resting spent in this place as a percentage of non-inter-level travel turns spent in this place.
 E = Turns spent auto-exploring this place as a percentage of non-inter-level travel turns spent in this place.
 F = Non-inter-level travel turns spent in this place divided by the number of levels of this place that you've seen.
                   A       B       C       D       E      F
               +-------+-------+-------+-------+-------+----------------------
         Total | 100.0 | 100.0 |   0.0 |   0.0 |   0.0 | 181.2
       Dungeon |  98.0 |  98.0 |   0.0 |   0.0 |   0.0 | 195.4
        Temple |   2.0 |   2.0 |   0.0 |   0.0 |   0.0 |  39.0
               +-------+-------+-------+-------+-------+----------------------

Table legend:
 A = Kills in this place as a percentage of kills in entire the game.
 B = Kills by you in this place as a percentage of kills by you in the entire game.
 C = Kills by friends in this place as a percentage of kills by friends in the entire game.
 D = Other kills in this place as a percentage of other kills in the entire game.
 E = Experience gained in this place as a percentage of experience gained in the entire game.
 F = Experience gained in this place divided by the number of levels of this place that you have seen.
                   A       B       C       D       E      F
               +-------+-------+-------+-------+-------+----------------------
         Total | 100.0 | 100.0 |  -nan |  -nan | 100.0 | 433.9
       Dungeon | 100.0 | 100.0 |  -nan |  -nan | 100.0 | 477.3
               +-------+-------+-------+-------+-------+----------------------
